 Dungeon Crawl Stone Soup version 0.31-a0-177-g4aa6249778 (webtiles) character file.

Game seed: 17055148393409476643

1885 MacCMillion the Chiller (level 9, -12/65 HPs)
             Began as a Gnoll Ice Elementalist on June 19, 2023.
             Was an Initiate of Cheibriados.
             Killed from afar by a steam dragon (14 damage)
             ... with a ball of steam
             ... on level 6 of the Dungeon.
             The game lasted 00:11:13 (6073 turns).

MacCMillion the Chiller (Gnoll Ice Elementalist)    Turns: 6073, Time: 00:11:14

Health: -12/65     AC:  5    Str:  7    XL:     9   Next: 14%
Magic:  18/18      EV: 14    Int: 27    God:    Cheibriados [......]
Gold:   362        SH:  0    Dex: 13    Spells: 14/21 levels left

rFire   . . .        G - +2 whip (freeze)
rCold   + + .        (no shield)
rNeg    . . .        L - +0 robe of Fuudd {rPois rC+ Int+3}
rPois   +            (no helmet)
rElec   .            (no cloak)
rCorr   .            D - +1 pair of gloves
SInv    .            h - +0 pair of boots
Will    .....        (no amulet)
Stlth   ++++         (no ring)
HPRegen 0.30/turn    (no ring)
MPRegen 0.16/turn

%: no passive effects
@: brilliant, very slow
A: fangs 1, strong nose, distributed training, camouflage 1, clever 1, cold
resistance 1
a: Renounce Religion


You were on level 6 of the Dungeon.
You worshipped Cheibriados.
Cheibriados was noncommittal.
You visited 2 branches of the dungeon, and saw 7 of its levels.
You also visited: Sewer.

You collected 362 gold pieces.

Inventory:

Hand Weapons
 l - a +0 falchion
 m - a +0 dagger
 G - a +2 whip of freezing (weapon)
Missiles
 i - 3 atropa-tipped darts
 k - 3 silver javelins
 p - 4 poisoned darts
 z - 4 boomerangs (quivered)
 F - 2 javelins
Armour
 a - a +0 robe
 h - a +0 pair of boots (worn)
 u - a +0 leather armour
 D - a +1 pair of gloves (worn)
 L - the +0 robe of Fuudd (worn) {rPois rC+ Int+3}
   (You found it on level 5 of the Dungeon)

   Int:       It affects your intelligence (+3).
   rC:        It protects you from cold.
   rPois:     It protects you from poison.
Jewellery
 c - a +6 ring of dexterity
 J - a +5 ring of evasion
Wands
 H - a wand of roots (9)
Scrolls
 d - 2 scrolls of enchant armour {unknown}
 g - 3 scrolls of identify {unknown}
 o - 2 scrolls of teleportation {unknown}
 v - a scroll of fear {unknown}
 w - a scroll of fog {unknown}
 x - 3 scrolls of silence {unknown}
 y - 2 scrolls of blinking {unknown}
 B - a scroll of brand weapon {unknown}
 E - a scroll of enchant weapon {unknown}
 M - 2 scrolls of immolation {unknown}
 N - a scroll of revelation {unknown}
Potions
 b - a potion of magic
 e - a potion of cancellation {unknown}
 f - 3 potions of mutation
 j - a potion of berserk rage {unknown}
 n - 3 potions of ambrosia {unknown}
 q - 3 potions of heal wounds {unknown}
 r - 4 potions of brilliance
 s - 2 potions of lignification {unknown}
 t - a potion of haste
 A - a potion of attraction {unknown}
 C - a potion of degeneration {unknown}
 I - a potion of might {unknown}
 K - a potion of enlightenment {unknown}


   Skills:
 + Level 4.1 Fighting
 + Level 4.1 Short Blades
 + Level 4.1 Long Blades
 + Level 4.1 Axes
 + Level 4.1 Maces & Flails
 + Level 4.1 Polearms
 + Level 4.1 Staves
 + Level 4.1 Ranged Weapons
 + Level 4.1 Throwing
 + Level 4.1 Armour
 + Level 6.2 Dodging
 + Level 5.9 Stealth
 + Level 4.1 Shields
 + Level 4.1 Unarmed Combat
 + Level 6.5 Spellcasting
 + Level 3.3 Conjurations
 + Level 3.3 Hexes
 + Level 3.3 Summonings
 + Level 3.3 Necromancy
 + Level 3.3 Translocations
 + Level 3.3 Transmutations
 + Level 3.3 Fire Magic
 + Level 7.9 Ice Magic
 + Level 3.3 Air Magic
 + Level 3.3 Earth Magic
 + Level 3.3 Poison Magic
 + Level 4.5 Invocations
 + Level 4.1 Evocations


You had 14 spell levels left.
You knew the following spells:

 Your Spells              Type           Power      Damage    Failure   Level
a - Freeze                Ice            100%       1d10      1%          1
b - Frozen Ramparts       Ice            100%       1d16      1%          3
c - Ozocubu's Armour      Ice            67%        N/A       1%          3

Your spell library contained the following spells:

 Spells                   Type           Power      Damage    Failure   Level
 Ice Form                 Ice/Tmut       56%        N/A       6%          4
 Summon Ice Beast         Ice/Summ       56%        N/A       6%          4


Dungeon Overview and Level Annotations

Branches:
Dungeon (6/15)             Temple (1/1) D:5           Sewer (visited)

Altars:
Ashenzari
Cheibriados
Dithmenos
Elyvilon
Fedhas
Hepliaklqana
Kikubaaqudgha
Makhleb
Nemelex Xobeh
Okawaru
Ru
Trog
Uskayaw
Wu Jian
Zin
The Shining One

Annotations:
D:2 Sigmund


Innate Abilities, Weirdness & Mutations

You have very sharp teeth.
Your uncanny sense of smell can sniff out nearby items.
Your experience applies equally to all skills.
Your skin changes colour to match your surroundings (Stealth+).
Your mind is acute. (Int +4, Str/Dex -1)
Your flesh is cold resistant. (rC+)


Message History

The steam dragon is moderately wounded.
You are engulfed in a cloud of scalding steam.
The steam dragon bites you.
* * * LOW HITPOINT WARNING * * *
The steam dragon misses you.
The steam dragon bites you but does no damage.
The steam dragon claws you.
* * * LOW HITPOINT WARNING * * *
The adder bites you.
* * * LOW HITPOINT WARNING * * *
The steam dragon bites you but does no damage.
The steam dragon misses you.
You closely miss the steam dragon.
The steam dragon is moderately wounded.
You are engulfed in a cloud of scalding steam.
* * * LOW HITPOINT WARNING * * *
The adder is engulfed in a cloud of scalding steam.
The adder bites you but does no damage.
It was a potion of mutation.
You feel extremely strange.
Your skin functions as natural camouflage.
You feel resistant to cold.
You feel clever. The adder completely misses you. The steam dragon bites you.
* * * LOW HITPOINT WARNING * * *
The steam dragon completely misses you. The adder closely misses you.
Casting: Ozocubu's Armour (safe; 1% risk of failure)
Confirm with . or Enter, or press ? or * to list all spells.
Casting: Frozen Ramparts (safe; 1% risk of failure)
Press: ? - help, Dir - look around, f - activate
Okay, then.
Okay, then.
It was a potion of brilliance.
You feel clever all of a sudden.
The steam dragon bites you but does no damage.
The steam dragon claws you but does no damage.
The adder barely misses you.
You barely miss the steam dragon.
The steam dragon is lightly wounded.
The steam dragon breathes steam at you. The ball of steam hits you!
You die...

###### ########
#######...... .......#
#............ .......#
#............ .......#
#............ .......#
#............ .......#
#...@D.......
.......######....S.......
.#'##.........#########..
.#..#.........#
.#..#.........#
.####.........# ∆
##..##......###
.....#......#
.....#......#


You could see a steam dragon (catching breath) and an adder.

Vanquished Creatures
  Prince Ribbit (D:6)
  A water moccasin (Sewer)
  2 black bears
  A phantom (D:6)
  Blork the orc (D:5)
  A bullfrog (D:6)
  3 scorpions
  5 killer bees (D:5)
  A howler monkey (D:6)
  2 hounds (D:5)
  A jelly (D:5)
  2 orc priests (D:5)
  2 gnoll boudas (D:5)
  6 iguanas
  A sleepcap (D:6)
  4 orc wizards
  A river rat (D:3)
  2 adders
  12 gnolls
  8 worms
  2 dart slugs (D:2)
  12 orcs
  9 ball pythons
  8 endoplasms
  4 giant cockroaches
  9 goblins
  10 hobgoblins
  7 quokkas
  4 bats
  A frilled lizard (D:3)
  3 kobolds
  7 rats
133 creatures vanquished.

Notes
Turn   | Place    | Note
-------+----------+-------------------------------------------
     0 | D:1      | MacCMillion the Gnoll Ice Elementalist began the quest for
                  | the Orb.
     0 | D:1      | Reached XP level 1. HP: 13/13 MP: 6/6
   240 | D:1      | Reached XP level 2. HP: 17/19 MP: 5/7
   651 | D:1      | Reached skill level 5 in Spellcasting
   651 | D:1      | Reached XP level 3. HP: 25/25 MP: 3/9
   655 | D:1      | Learned a level 3 spell: Frozen Ramparts
   659 | D:1      | Learned a level 3 spell: Ozocubu's Armour
   971 | D:2      | Reached skill level 1 in Invocations
  1139 | D:2      | Noticed Sigmund
  1382 | D:2      | Reached skill level 1 in Fighting
  1382 | D:2      | Reached skill level 1 in Short Blades
  1382 | D:2      | Reached skill level 1 in Long Blades
  1382 | D:2      | Reached skill level 1 in Axes
  1382 | D:2      | Reached skill level 1 in Maces & Flails
  1382 | D:2      | Reached skill level 1 in Polearms
  1382 | D:2      | Reached skill level 1 in Staves
  1382 | D:2      | Reached skill level 1 in Ranged Weapons
  1382 | D:2      | Reached skill level 1 in Throwing
  1382 | D:2      | Reached skill level 1 in Armour
  1382 | D:2      | Reached skill level 1 in Shields
  1382 | D:2      | Reached skill level 1 in Unarmed Combat
  1382 | D:2      | Reached skill level 1 in Evocations
  1572 | D:2      | Reached XP level 4. HP: 32/32 MP: 9/11
  1621 | D:3      | Found a faded altar of an unknown god.
  1745 | D:3      | Reached skill level 1 in Conjurations
  1745 | D:3      | Reached skill level 1 in Hexes
  1745 | D:3      | Reached skill level 1 in Summonings
  1745 | D:3      | Reached skill level 1 in Necromancy
  1745 | D:3      | Reached skill level 1 in Translocations
  1745 | D:3      | Reached skill level 1 in Transmutations
  1745 | D:3      | Reached skill level 1 in Fire Magic
  1745 | D:3      | Reached skill level 1 in Air Magic
  1745 | D:3      | Reached skill level 1 in Earth Magic
  1745 | D:3      | Reached skill level 1 in Poison Magic
  1909 | D:3      | Found a glowing drain.
  1915 | Sewer    | Entered a sewer
  1972 | Sewer    | Noticed a water moccasin
  1978 | Sewer    | Killed a water moccasin
  1979 | Sewer    | Reached XP level 5. HP: 38/38 MP: 2/12
  2569 | D:3      | Reached XP level 6. HP: 33/44 MP: 10/14
  3021 | D:4      | Reached skill level 5 in Dodging
  4012 | D:5      | Entered Level 5 of the Dungeon
  4041 | D:5      | Noticed Blork the orc
  4047 | D:5      | Killed Blork the orc
  4048 | D:5      | Reached XP level 7. HP: 41/51 MP: 5/15
  4191 | D:5      | Reached skill level 5 in Stealth
  4350 | D:5      | Identified the +0 robe of Fuudd {rPois rC+ Int+3}
  4622 | D:5      | Reached XP level 8. HP: 58/58 MP: 5/16
  5055 | D:5      | Found a staircase to the Ecumenical Temple.
  5288 | Temple   | Entered the Ecumenical Temple
  5383 | Temple   | Became a worshipper of Cheibriados the Contemplative
  5428 | D:6      | Noticed Prince Ribbit
  5445 | D:6      | Killed Prince Ribbit
  5709 | D:6      | Reached XP level 9. HP: 65/65 MP: 15/18
  6070 | D:6      | HP: 3/65 [steam dragon] (9)]
  6071 | D:6      | Gained mutation: Your skin changes colour to match your
                  | surroundings (Stealth+). [potion of mutation]
  6071 | D:6      | Gained mutation: Your flesh is cold resistant. (rC+)
                  | [potion of mutation]
  6071 | D:6      | Gained mutation: Your mind is acute. (Int +4, Str/Dex -1)
                  | [potion of mutation]
  6071 | D:6      | HP: 1/65 [steam dragon (2)]
  6073 | D:6      | Killed from afar by a steam dragon

Illustrated notes

Levels and vault maps discovered:
D:1:      lemuel_arrival_muddy, layout_rooms, serial_corexii_hall,
          chequers_hall_statues_corner_a, chequers_hall_statues_wall_a
D:2:      layout_basic, kennysheep_crisscross, amcnicky_mini_pool_small,
          uniq_sigmund
D:3:      layout_basic, chequers_ecumenical_altar_simple_redux,
          gup_sewer_entry_spiral, minmay_misc_feat_alley, minmay_distorted
D:4:      layout_basic
D:5:      layout_basic, minmay_temple_entry_proselytizer, corner_web_ring,
          uniq_blork_the_orc
D:6:      layout_gridville, uniq_prince_ribbit1
Temple:   kb_temple_of_zot

Skill      XL: |  1  2  3  4  5  6  7  8  9 |
---------------+----------------------------+-----
Spellcasting   | 5 6 |  6.5
Invocations    | 1 2 3 4 |  4.5
Fighting       | 1 2 3 4 |  4.1
Short Blades   | 1 2 3 4 |  4.1
Long Blades    | 1 2 3 4 |  4.1
Axes           | 1 2 3 4 |  4.1
Maces & Flails | 1 2 3 4 |  4.1
Polearms       | 1 2 3 4 |  4.1
Staves         | 1 2 3 4 |  4.1
Ranged Weapons | 1 2 3 4 |  4.1
Throwing       | 1 2 3 4 |  4.1
Armour         | 1 2 3 4 |  4.1
Shields        | 1 2 3 4 |  4.1
Unarmed Combat | 1 2 3 4 |  4.1
Evocations     | 1 2 3 4 |  4.1
Conjurations   | 1 2 3 |  3.3
Hexes          | 1 2 3 |  3.3
Summonings     | 1 2 3 |  3.3
Necromancy     | 1 2 3 |  3.3
Translocations | 1 2 3 |  3.3
Transmutations | 1 2 3 |  3.3
Fire Magic     | 1 2 3 |  3.3
Air Magic      | 1 2 3 |  3.3
Earth Magic    | 1 2 3 |  3.3
Poison Magic   | 1 2 3 |  3.3
Dodging        | 5 6 |  6.2
Stealth        | 5 |  5.9
Ice Magic      | |  7.9

Action                     |  1- 3 |  4- 6 |  7- 9 || total
---------------------------+-------+-------+-------++-------
  Melee: Unarmed           |     5 |       |       ||     5
         Bite              |     3 |     5 |     6 ||    14
         Dagger            |     9 |    41 |    14 ||    64
         Punch             |       |     2 |     1 ||     3
         Whip              |       |     5 |    41 ||    46
  Throw: Dart              |       |     1 |     8 ||     9
         Boomerang         |       |       |    28 ||    28
   Cast: Freeze            |    44 |    34 |    18 ||    96
         Frozen Ramparts   |     5 |    17 |    22 ||    44
         Ozocubu's Armour  |       |     3 |     8 ||    11
    Use: Potion            |       |       |     2 ||     2
   Stab: Sleeping          |     3 |     4 |       ||     7
 Armour: Robe              |     9 |       |    20 ||    29
         Leather armour    |       |    11 |     3 ||    14
  Dodge: Dodged            |    24 |    34 |    55 ||   113

Table legend: (Time is in decaauts)
 A = Elapsed time spent in this place.
 B = Non-inter-level travel time spent in this place.
 C = Inter-level travel time spent in this place.
 D = Time resting spent in this place.
 E = Time spent auto-exploring this place.
 F = Levels seen in this place.
 G = Mean time per level.
                   A        B        C        D        E       F      G
               +--------+--------+--------+--------+--------+-----+--------+
         Total |   6223 |   6019 |    204 |    869 |   4041 |   8 |  777.9 |
       Dungeon |   5802 |   5622 |    180 |    700 |   3868 |   6 |  967.0 |
        Temple |    120 |     96 |     24 |      0 |     80 |   1 |  120.0 |
         Sewer |    301 |    301 |      0 |    169 |     92 |   1 |  301.0 |
               +--------+--------+--------+--------+--------+-----+--------+

Top non-repeatable levels by time:
     D:5: 1304 daAuts
     D:3: 1155 daAuts
     D:1: 1010 daAuts
     D:4: 995 daAuts
     D:6: 741 daAuts
     D:2: 595 daAuts
   Sewer: 301 daAuts
  Temple: 120 daAuts
